 Dungeon Crawl Stone Soup version 0.28.0-45-g0d030f2227 (webtiles) character file.

Game seed: 13357688172400810044

23 GigaChad the Slasher (level 2, -1/23 (27) HPs)
             Began as a Minotaur Chaos Knight on Apr 21, 2022.
             Was a Plaything of Xom.
             Slain by Terence
             ... wielding a +6 flail of draining
              (4 damage)
             ... on level 2 of the Dungeon.
             The game lasted 00:04:01 (969 turns).

GigaChad the Slasher (Minotaur Chaos Knight)         Turns: 969, Time: 00:04:11

HP:   -1/23 (27)    AC:  5    Str: 16    XL:     2   Next: 72%
MP:   1/1           EV: 10    Int:  9    God:    Xom [..*...]
Gold: 85            SH:  0    Dex:  9    Spells: 1/1 levels left

rFire   . . .      SeeInvis .   a - +0 falchion (chaos)
rCold   . . .      Faith    .   (no shield)
rNeg    . . .      Spirit   .   c - +0 ring mail
rPois   .          Reflect  .   (helmet restricted)
rElec   .          Harm     .   (no cloak)
rCorr   .          Rampage  .   (no gloves)
Will    .....                   (no boots)
Stlth   ..........              (no amulet)
HPRegen 0.07/turn               (no ring)
MPRegen 0.07/turn               (no ring)

@: heavily drained
A: horns 2, retaliatory headbutt
a: Renounce Religion


You were on level 2 of the Dungeon.
You worshipped Xom.
You were a toy of Xom.
You visited 1 branch of the dungeon, and saw 2 of its levels.

You collected 85 gold pieces.

Inventory:

Hand Weapons
 a - a +0 falchion of chaos (weapon)
Missiles
 d - 19 arrows
 g - a throwing net (quivered)
Armour
 b - a +2 leather armour
 c - a +0 ring mail (worn)
Potions
 e - 2 potions of curing {unknown}
 f - a potion of haste {unknown}


   Skills:
 + Level 4.1 Fighting
 + Level 4.2 Long Blades
 + Level 2.8 Armour
 + Level 1.1 Dodging


You had one spell level left.
You didn't know any spells.
Your spell library was empty.

Dungeon Overview and Level Annotations

Branches:
Dungeon (2/15)

Altars:

Annotations:
D:2 Terence


Innate Abilities, Weirdness & Mutations

You have a pair of horns on your head.
You reflexively headbutt those who attack you in melee.


Message History

You see here a jackal corpse.
You see here a jackal corpse.
HP restored.
You now have 85 gold pieces (gained 9).
A kobold comes into view. It is wielding a +0 short sword.
The kobold shouts!
A hobgoblin comes into view.
The hobgoblin shouts!
You closely miss the kobold. The kobold barely misses you.
The hobgoblin barely misses you. You furiously retaliate!
You headbutt the hobgoblin!
You kill the hobgoblin!
You completely miss the kobold. You headbutt the kobold.
You kill the kobold!
g - a throwing net A jackal comes into view.
The jackal barks!
You hear a bark!
Terence and a jackal come into view.
Terence is wielding a +6 flail of draining.
Terence shouts!
The jackal barks!
Terence shouts, "Now you die!"
Found 9 gold pieces.
Terence hits you with a +6 flail of draining!
You feel drained.
You closely miss the jackal. You headbutt the jackal.
The jackal is lightly wounded.
Terence closely misses you. The jackal bites you.
You hit the jackal but do no damage.
The jackal is lightly wounded.
Xom makes a sudden noise!
You hear a voice calling your name.
You hear a shout!
You hear an angry hiss.
The jackal closely misses you. Terence closely misses you.
You furiously retaliate!
You headbutt Terence!
The jackal bites you but does no damage.
Terence hits you with a +6 flail of draining!
* * * LOW HITPOINT WARNING * * *
A shower of butterflies erupts from you!
You feel drained.
You die...
Xom laughs nastily!

# ####..# #.#.
##..... #.#.#.
###.....# .....
.......# . #...
#.....# .
..#...#####.b.# $..
.........###@###.....
............b@hh.....
.........###.####....
..#...#.## #.# .
#...#.# #.. .... #.#
#### ##### #.#
.######.#######
..............#
#######.#####.####.#


You could see Terence (ally target) and 2 jackals.

Vanquished Creatures
  A bat (D:2)
  A giant cockroach (D:1)
  A hobgoblin (D:2)
  4 jackals (D:2)
  2 kobolds
  4 quokkas
  A ball python (D:1)
  A goblin (D:2)
  6 rats
21 creatures vanquished.

Notes
Turn   | Place    | Note
-------+----------+-------------------------------------------
     0 | D:1      | GigaChad the Minotaur Chaos Knight began the quest for the
                  | Orb.
     0 | D:1      | Reached XP level 1. HP: 19/19 MP: 0/0
   388 | D:1      | Reached XP level 2. HP: 24/27 MP: 1/1
   966 | D:2      | Noticed Terence
   969 | D:2      | XOM: noise
   969 | D:2      | XOM: butterfly on damage
   969 | D:2      | Slain by Terence

Illustrated notes

Levels and vault maps discovered:
D:1:      wander_arrival_peaceful_grave, layout_basic
D:2:      layout_loops_ring, basic_ecumenical_altar, uniq_terence

Skill      XL: |  1 |
---------------+----+-----
Fighting       | 4 |  4.1
Long Blades    | 4 |  4.2
Armour         | |  2.8
Dodging        | |  1.1

Action                   || total
-------------------------++-------
Melee: Falchion          ||    47
       Headbutt          ||     6
  Use: Scroll            ||     1
Armor: Leather armour    ||     7
       Ring mail         ||    20
Dodge: Dodged            ||    57
